 Dungeon Crawl Stone Soup version 0.29-a0-380-gf50f0a9fbc (webtiles) character file.

Game seed: 13420066229229429245

4 Antichthon the Skirmisher (level 1, -1/14 HPs)
             Began as a Gargoyle Fighter on May 6, 2022.
             Slain by a kobold
             ... wielding a +0 dagger
              (2 damage)
             ... on level 1 of the Dungeon.
             The game lasted 00:00:19 (49 turns).

Antichthon the Skirmisher (Gargoyle Fighter)          Turns: 49, Time: 00:00:20

Health: -1/14      AC:  9    Str: 19    XL:     1   Next: 70%
Magic:  1/1        EV:  9    Int:  8    God:
Gold:   0          SH:  4    Dex:  9    Spells: 0/0 levels left

rFire   . . .      SeeInvis .   a - +0 flail
rCold   . . .      Faith    .   c - +0 buckler
rNeg    + . .      Spirit   .   b - +0 scale mail
rPois   ∞          Reflect  .   (no helmet)
rElec   +          Harm     .   (no cloak)
rCorr   .          Rampage  .   (no gloves)
Will    .....                   (no boots)
Stlth   ..........              (no amulet)
HPRegen 0.04/turn               (no ring)
MPRegen 0.07/turn               (no ring)

@: mighty
A: sickness immunity, AC +2, negative energy resistance 1, electricity
resistance, torment resistance 1, petrification resistance
a: no special abilities


You were on level 1 of the Dungeon.
You visited 1 branch of the dungeon, and saw 1 of its levels.

Inventory:

Hand Weapons
 a - a +0 flail (weapon)
Armour
 b - a +0 scale mail (worn)
 c - a +0 buckler (worn)


   Skills:
 * Level 3.4 Fighting
 * Level 2.0 Maces & Flails
 * Level 3.3 Armour
 * Level 3.3 Shields
 * Level 0.2 Invocations


You couldn't memorise any spells.
You didn't know any spells.
Your spell library contained the following spells:

 Spells                   Type           Power      Damage    Failure   Level
 Petrify                  Tmut/Erth      0%         N/A       100%        4
 Irradiate                Conj/Tmut      0%         3d13      100%        5
 Sublimation of Blood     Necr           Unusable   N/A       N/A         2

Dungeon Overview and Level Annotations

Branches:
Dungeon (1/15)

Altars:


Innate Abilities, Weirdness & Mutations

You are immune to sickness and miasma.
Your stone body is resilient. (AC +2)
You are immune to poison.
You resist negative energy. (rN+)
You are resistant to electric shocks. (rElec)
You are resistant to unholy torment.
You are immune to petrification.


Message History

The frilled lizard barely misses you. The bat hits you but does no damage.
You hit the bat.
You kill the bat!
The frilled lizard closely misses you.
The goblin hits you with a +1 vampiric dagger.
The frilled lizard bites you but does no damage.
You thump the goblin!
You kill the goblin!
The frilled lizard barely misses you.
You hit the goblin.
You kill the goblin!
The frilled lizard bites you but does no damage.
You closely miss the kobold. The frilled lizard barely misses you.
The kobold hits you with a +0 dagger. x2
* * * LOW HITPOINT WARNING * * *
The frilled lizard barely misses you.
You barely miss the kobold.
The frilled lizard bites you but does no damage.
The kobold hits you but does no damage.
You miss the kobold. The frilled lizard barely misses you.
The kobold hits you but does no damage.
You barely miss the kobold. You block the frilled lizard's attack.
The kobold hits you with a +0 dagger.
* * * LOW HITPOINT WARNING * * *
The frilled lizard bites you but does no damage.
The kobold hits you but does no damage.
Unknown command.
You miss the frilled lizard. The frilled lizard barely misses you.
The kobold hits you with a +0 dagger.
* * * LOW HITPOINT WARNING * * *
Unknown command.
You feel very mighty all of a sudden. You block the frilled lizard's attack.
You block the kobold's attack.
You closely miss the frilled lizard.
The frilled lizard bites you but does no damage.
The kobold hits you but does no damage.
You closely miss the frilled lizard.
The frilled lizard bites you but does no damage.
The kobold closely misses you. The kobold hits you with a +0 dagger.
You die...

... ... ... #.# .# #.#
.# #.# #.# #.#
##.####### #l#
#......... #@#
#......... #
#K######.........
#..#.#J#..J...........
#.......K............
##....######.........
#....# #............
##...#####§####.....
....###...§§§§###§..
###........§§§§....##


You could see an endoplasm, a kobold and a frilled lizard.

Vanquished Creatures
  2 bats (D:1)
  2 goblins (D:1)
4 creatures vanquished.

Notes
Turn   | Place    | Note
-------+----------+-------------------------------------------
     0 | D:1      | Antichthon the Gargoyle Fighter began the quest for the
                  | Orb.
     0 | D:1      | Reached XP level 1. HP: 14/14 MP: 1/1
    49 | D:1      | Slain by a kobold

Illustrated notes

Levels and vault maps discovered:
D:1:      dpeg_arrival_leaves_temple_mockup, layout_rooms,
          ebering_ecumenical_altar_webs, minivault_24

Action                   || total
-------------------------++-------
Melee: Flail             ||    15
  Use: Scroll            ||     1
       Potion            ||     1
Armor: Scale mail        ||    34
Dodge: Dodged            ||    27
Block: Buckler           ||    10

Table legend: (Time is in decaauts)
 A = Elapsed time spent in this place.
 B = Non-inter-level travel time spent in this place.
 C = Inter-level travel time spent in this place.
 D = Time resting spent in this place.
 E = Time spent auto-exploring this place.
 F = Levels seen in this place.
 G = Mean time per level.
                   A        B        C        D        E       F      G
               +--------+--------+--------+--------+--------+-----+--------+
         Total |     53 |     53 |      0 |      0 |     10 |   1 |   53.0 |
       Dungeon |     53 |     53 |      0 |      0 |     10 |   1 |   53.0 |
               +--------+--------+--------+--------+--------+-----+--------+

Top non-repeatable levels by time:
     D:1: 53 daAuts
